 Dungeon Crawl Stone Soup version 0.30.0-10-gfe55d96785 (webtiles) character file.

Game seed: 12148989348719572164

10 McKennaii the Conjurer (level 2, -9/20 HPs)
             Began as a Demigod Conjurer on May 15, 2023.
             Mangled by a gnoll
             ... wielding a +0 flail
              (14 damage)
             ... on level 1 of the Dungeon.
             The game lasted 00:00:22 (412 turns).

McKennaii the Conjurer (Demigod Conjurer)            Turns: 412, Time: 00:00:23

Health: -9/20      AC:  2    Str:  8    XL:     2   Next: 0%
Magic:  1/7        EV: 12    Int: 20    God:
Gold:   16         SH:  0    Dex: 12    Spells: 4/5 levels left

rFire   . . .        (no weapon)
rCold   . . .        (no shield)
rNeg    . . .        a - +0 robe
rPois   .            (no helmet)
rElec   .            (no cloak)
rCorr   .            (no gloves)
SInv    .            (no boots)
Will    .....        (no amulet)
Stlth   ++           (no ring)
HPRegen 0.23/turn    (no ring)
MPRegen 0.10/turn

%: no passive effects
@: no status effects
A: high MP 1, forlorn, divine attributes
a: no special abilities


You were on level 1 of the Dungeon.
You visited 1 branch of the dungeon, and saw 1 of its levels.

You collected 16 gold pieces.

Inventory:

Armour
 a - a +0 robe (worn)
Jewellery
 e - a ring of positive energy
Scrolls
 d - a scroll of teleportation {unknown}
Potions
 b - a potion of magic
 c - a potion of ambrosia {unknown}
 f - a potion of curing {unknown}


   Skills:
 - Level 1.7 Dodging
 - Level 1.7 Stealth
 + Level 2.1 Spellcasting
 + Level 3.8 Conjurations


You had 4 spell levels left.
You knew the following spells:

 Your Spells              Type           Power      Damage    Failure   Level
a - Magic Dart            Conj           68%        1d6       3%          1

Your spell library contained the following spells:

 Spells                   Type           Power      Damage    Failure   Level
 Searing Ray              Conj           34%        2d5       4%          2
 Dazzling Flash           Conj/Hex       18%        N/A       22%         3
 Fulminant Prism          Conj/Hex       4%         3d5       56%         4
 Iskenderun's Mystic Bla  Conj/Tloc      9%         2d4       56%         4


Dungeon Overview and Level Annotations

Branches:
Dungeon (1/15)

Shops:
D:1 (=(


Innate Abilities, Weirdness & Mutations

You have an increased reservoir of magic. (+10% MP)
You shall have no god before yourself.
Your divine heritage dramatically boosts your attributes as you level up.


Message History

You can't see any susceptible monsters within range! (Use Z to cast anyway.)
f - a metallic cyan potion You can't see any susceptible monsters within range! (Use Z to cast anyway.)
A gnoll comes into view. It is wielding a +0 flail.
The magic dart hits the gnoll but does no damage.
The gnoll shouts!
A gnoll is nearby!
The magic dart hits the gnoll.
The gnoll is moderately wounded.
A gnoll is nearby!
The magic dart hits the gnoll.
The gnoll is heavily wounded.
A gnoll is nearby!
The magic dart hits the gnoll but does no damage.
The gnoll is heavily wounded.
A gnoll is nearby!
The magic dart hits the gnoll but does no damage.
The gnoll is heavily wounded.
A gnoll is nearby!
The magic dart hits the gnoll but does no damage.
The gnoll is heavily wounded.
A gnoll is nearby!
The magic dart hits the gnoll.
The gnoll is severely wounded.
The gnoll barely misses you.
You are out of magic!
You are out of magic!
The gnoll attacks as you move away! The gnoll hits you with a +0 flail.
The gnoll attacks as you move away! The gnoll hits you with a +0 flail!
Ouch! That really hurt!
* * * LOW HITPOINT WARNING * * *
You are too injured to fight recklessly!
The gnoll attacks as you move away! The gnoll closely misses you.
You are too injured to fight recklessly!
You are too injured to fight recklessly!
You are too injured to fight recklessly!
You are too injured to fight recklessly!
The gnoll attacks as you move away! The gnoll hits you with a +0 flail!
Ouch! That really hurt!
You die...

.#.#######................
.. .#.#
##..#####..#.#...... ##.#
##..#.....#.........#
##..#.......#..#.#.#.#
#..#....<....#...#.#.#
##..#.......#....#.#
##..#.....#..#....#.#.
##..#####............
##......@g..........
#........###.......
########## #..#.## ..# .#
.# . ##


You could see a gnoll.

Vanquished Creatures
  3 bats (D:1)
  An endoplasm (D:1)
  A giant cockroach (D:1)
  A goblin (D:1)
  A hobgoblin (D:1)
  2 rats (D:1)
9 creatures vanquished.

Notes
Turn   | Place    | Note
-------+----------+-------------------------------------------
     0 | D:1      | McKennaii the Demigod Conjurer began the quest for the Orb.
     0 | D:1      | Reached XP level 1. HP: 14/14 MP: 5/5
   115 | D:1      | Found Gopu Eph's Antique Weapon Shoppe.
   204 | D:1      | Found Xagyatt's Jewellery Shoppe.
   279 | D:1      | Found Fedgha Kehi's Antique Weapon Shop.
   333 | D:1      | Reached XP level 2. HP: 20/20 MP: 4/7
   412 | D:1      | Mangled by a gnoll

Illustrated notes

Levels and vault maps discovered:
D:1:      scummos_arrival_hexagon, layout_basic, serial_shops, shop,
          nicolae_square_shop, shop, nicolae_shop_peninsula

Skill      XL: |  1 |
---------------+----+-----
Spellcasting   | 2 |  2.1
Dodging        | |  1.7
Stealth        | |  1.7
Conjurations   | |  3.8

Action                     || total
---------------------------++-------
   Cast: Magic Dart        ||    24
 Armour: Robe              ||     3
  Dodge: Dodged            ||     3
